[Event "EYTCC Open U18 2022"]
[Site "Thessaloniki"]
[Date "2022.07.16"]
[Round "5.30"]
[White "Atis, Hasan"]
[Black "Stoica, Savas Marin"]
[Result "1-0"]
[ECO "B67"]
[WhiteElo "1956"]
[BlackElo "2092"]
[Annotator "ChessBase"]
[PlyCount "129"]
[EventDate "2022.07.12"]
[EventType "team-tourn"]
[EventCountry "GRE"]
[SourceTitle "playchess.com"]
[Source "ChessBase"]
[SourceQuality "1"]
[WhiteTeam "Turkey"]
[BlackTeam "England"]
[WhiteTeamCountry "TUR"]
[BlackTeamCountry "ENG"]
[TimeControl "40/5400+30:1800+30"]

1. e4 c5 2. Nf3 Nc6 3. d4 cxd4 4. Nxd4 Nf6 5. Nc3 d6 6. Bg5 e6 7. Qd2 a6 8. O-O-O Bd7 9. f4 b5 10. Bxf6 gxf6 11. Kb1 Qb6 12. Nce2 Rc8 13. f5 Nxd4 14. Nxd4 e5 15. Ne2 b4 16. Ng3 h5 17. h4 Ke7 18. Bd3 a5 19. Qe2 a4 20. Bc4 Bh6 21. Nxh5 Be3 22. g4 Bd4 23. Bd5 Bb5 24. Qf3 Rc3 25. Qg2 Rc7 26. Rh2 Qc5 27. Qf3 Be3 28. Re1 Bd4 29. Rd1 b3 30. axb3 a3 31. b4 Qxb4 32. Qb3 Qxb3 33. Bxb3 axb2 34. Rxd4 exd4 35. Kxb2 Bc6 36. Nf4 Kf8 37. Bd5 Bb5 38. Rh3 Rg8 39. Rg3 Rc3 40. Rg1 Rf3 41. Nh5 Rf2 42. Nxf6 Rh8 43. g5 Rxh4 44. Ra1 d3 45. Ra7 Be8 46. Ra8 Rh8 47. Rxe8+ Kg7 48. Rxh8 Kxh8 49. Kc1 Rxc2+ 50. Kd1 Rg2 51. Bxf7 Rxg5 52. Ne8 Rg2 53. Be6 Re2 54. Bd5 Kh7 55. f6 Kg6 56. f7 Rf2 57. Ke1 d2+ 58. Kxf2 d1=Q 59. f8=Q Qd2+ 60. Kf3 Qd1+ 61. Kg2 Qg4+ 62. Kf2 Qh4+ 63. Ke2 Qh5+ 64. Qf3 Qh2+ 65. Kd3 1-0

[Event "EYTCC Open U18 2022"]
[Site "Thessaloniki"]
[Date "2022.07.16"]
[Round "5.31"]
[White "Cont, Arya"]
[Black "Aydogdu, Selcan Ayberk"]
[Result "0-1"]
[ECO "C00"]
[WhiteElo "1968"]
[BlackElo "1902"]
[Annotator "ChessBase"]
[PlyCount "64"]
[EventDate "2022.07.12"]
[EventType "team-tourn"]
[EventCountry "GRE"]
[SourceTitle "playchess.com"]
[Source "ChessBase"]
[SourceQuality "1"]
[WhiteTeam "England"]
[BlackTeam "Turkey"]
[WhiteTeamCountry "ENG"]
[BlackTeamCountry "TUR"]
[TimeControl "40/5400+30:1800+30"]

1. e4 e6 2. b3 d5 3. Bb2 dxe4 4. Nc3 Nf6 5. Qe2 Bb4 6. O-O-O Bxc3 7. dxc3 Qe7 8. g4 h6 9. Bg2 Bd7 10. h4 Nc6 11. g5 Nd5 12. Nh3 hxg5 13. hxg5 f5 14. f3 exf3 15. Qxf3 O-O-O 16. c4 Nb6 17. Rhe1 Kb8 18. Qc3 e5 19. c5 Nc8 20. b4 Nd4 21. Qe3 Bc6 22. Bxc6 Nxc6 23. b5 Rxd1+ 24. Rxd1 f4 25. Qf3 Na5 26. c6 bxc6 27. bxc6 Qe6 28. Nf2 Qxc6 29. Qe2 Nc4 30. Bxe5 Re8 31. Nd3 Qb5 32. Re1 Rxe5 0-1

[Event "EYTCC Open U18 2022"]
[Site "Thessaloniki"]
[Date "2022.07.16"]
[Round "5.32"]
[White "Kayrak, Murat"]
[Black "Dias, Savin"]
[Result "0-1"]
[ECO "E61"]
[WhiteElo "1561"]
[BlackElo "1894"]
[Annotator "NA"]
[PlyCount "148"]
[EventDate "2022.07.12"]
[EventType "team-tourn"]
[EventCountry "GRE"]
[SourceTitle "playchess.com"]
[Source "ChessBase"]
[SourceQuality "1"]
[WhiteTeam "Turkey"]
[BlackTeam "England"]
[WhiteTeamCountry "TUR"]
[BlackTeamCountry "ENG"]
[TimeControl "40/5400+30:1800+30"]

1. d4 Nf6 2. c4 g6 3. Nc3 Bg7 4. Bg5 O-O 5. Nf3 d6 6. e3 c6 7. Be2 Qc7 8. Qc2 e5 9. dxe5 dxe5 10. Bxf6 Bxf6 11. Ne4 Bg7 12. c5 h6 13. Rd1 Be6 14. Nd6 Nd7 15. O-O Rab8 16. b4 b6 17. Bc4 Bxc4 18. Qxc4 b5 19. Qb3 a5 20. a3 a4 21. Qa2 Qd8 22. Rd2 Qe7 23. Rfd1 Nf6 24. Qb2 Nd5 25. e4 Nf4 26. g3 Qe6 27. Qc3 Nh5 28. Nh4 Kh7 29. Qf3 Nf6 30. Kg2 Ng8 31. Qd3 Rfd8 32. Qe2 Bf6 33. Nf3 Rd7 34. h3 Bg7 35. Nh4 Rbd8 36. f4 Bf8 37. f5 Qf6 38. fxg6+ fxg6 39. Rf1 Qe6 40. Qf3 Kg7 41. Rdf2 Bxd6 42. cxd6 h5 43. g4 hxg4 44. hxg4 Qxd6 45. Qh3 Qe6 46. Nf3 Nf6 47. g5 Qxh3+ 48. Kxh3 Nxe4 49. Re2 Nd2 50. Nxd2 Rxd2 51. Rxe5 R2d3+ 52. Kg2 R8d7 53. Re6 R3d5 54. Rf3 Rxg5+ 55. Kf2 Rc7 56. Rc3 c5 57. bxc5 Rcxc5 58. Re7+ Kf6 59. Rxc5 Rxc5 60. Rb7 Rc2+ 61. Kg3 Rc3+ 62. Kg4 Rxa3 63. Rb6+ Kg7 64. Rxb5 Kh6 65. Ra5 Ra1 66. Kf3 a3 67. Kg2 g5 68. Ra8 Kh5 69. Ra7 Kh4 70. Kf3 g4+ 71. Kg2 Ra2+ 72. Kf1 Kg3 73. Rh7 Ra1+ 74. Ke2 a2 0-1

[Event "EYTCC Open U18 2022"]
[Site "Thessaloniki"]
[Date "2022.07.16"]
[Round "5.33"]
[White "Risteski, Emil"]
[Black "Stoimenidis, Dimitrios"]
[Result "1-0"]
[ECO "A05"]
[WhiteElo "2405"]
[BlackElo "1993"]
[Annotator "ChessBase"]
[PlyCount "75"]
[EventDate "2022.07.12"]
[EventType "team-tourn"]
[EventCountry "GRE"]
[SourceTitle "playchess.com"]
[Source "ChessBase"]
[SourceQuality "1"]
[WhiteTeam "Macedonia"]
[BlackTeam "Greece"]
[WhiteTeamCountry "MKD"]
[BlackTeamCountry "GRE"]
[TimeControl "40/5400+30:1800+30"]

1. Nf3 Nf6 2. g3 d5 3. Bg2 c6 4. O-O Bf5 5. d3 h6 6. c4 dxc4 7. Ne5 Nbd7 8. Nxc4 e5 9. Nc3 Be6 10. a3 Be7 11. b4 O-O 12. Bb2 Qc7 13. Rc1 Rac8 14. Rc2 Rfd8 15. Qa1 Qb8 16. Nb1 Bd6 17. Nxd6 Qxd6 18. Nd2 Re8 19. Nc4 Bxc4 20. Rxc4 Nb6 21. Rc5 Nfd7 22. Ra5 a6 23. f4 Nd5 24. fxe5 Qe6 25. Be4 g6 26. Qc1 Kg7 27. Bg2 Kh7 28. e4 Nc7 29. Bh3 Qxh3 30. Rxf7+ Kg8 31. e6 Nxe6 32. Rxd7 Rcd8 33. Rxd8 Rxd8 34. Qc3 Rf8 35. Qh8+ Kf7 36. Qh7+ Ke8 37. Qxg6+ Ke7 38. Rf5 1-0

[Event "EYTCC Open U18 2022"]
[Site "Thessaloniki"]
[Date "2022.07.16"]
[Round "5.34"]
[White "Karamichos, Michail"]
[Black "Veljanoski, Andrej"]
[Result "0-1"]
[ECO "C25"]
[WhiteElo "1839"]
[BlackElo "2162"]
[Annotator "ChessBase"]
[PlyCount "108"]
[EventDate "2022.07.12"]
[EventType "team-tourn"]
[EventCountry "GRE"]
[SourceTitle "playchess.com"]
[Source "ChessBase"]
[SourceQuality "1"]
[WhiteTeam "Greece"]
[BlackTeam "Macedonia"]
[WhiteTeamCountry "GRE"]
[BlackTeamCountry "MKD"]
[TimeControl "40/5400+30:1800+30"]

1. e4 e5 2. Nc3 Nc6 3. g3 Nf6 4. Bg2 a6 5. Nge2 Bc5 6. h3 d6 7. O-O O-O 8. d3 Be6 9. Kh2 d5 10. Bg5 dxe4 11. Nxe4 Be7 12. Nxf6+ Bxf6 13. Bxf6 Qxf6 14. Nc3 Nd4 15. f4 exf4 16. Rxf4 Qd8 17. Qd2 c6 18. Raf1 Nb5 19. Ne4 Nd6 20. Qc3 Nxe4 21. Bxe4 Qd6 22. a4 Rae8 23. R1f2 h6 24. b4 Re7 25. a5 Rc8 26. Qb2 c5 27. b5 axb5 28. Qxb5 Bd5 29. Re2 Rce8 30. Ref2 Bxe4 31. dxe4 f6 32. Re2 Re5 33. Qxb7 Rb8 34. Qa7 Re7 35. e5 fxe5 36. Qxe7 Qxe7 37. Rfe4 Qc7 38. Rxe5 Qxa5 39. Re8+ Rxe8 40. Rxe8+ Kf7 41. Re2 c4 42. Kg2 Qd5+ 43. Kf2 g5 44. g4 Qh1 45. Kg3 Qg1+ 46. Rg2 Qe3+ 47. Kh2 Ke6 48. Rg3 Qf2+ 49. Rg2 Qf4+ 50. Kg1 Kd5 51. Kh1 Kd4 52. Kg1 Kc3 53. Kh1 Qe4 54. Kg1 Qxc2 0-1

[Event "EYTCC Open U18 2022"]
[Site "Thessaloniki"]
[Date "2022.07.16"]
[Round "5.35"]
[White "Jordanov, Mihail"]
[Black "Tagkaloglou, Savvas Stefanos"]
[Result "1-0"]
[ECO "B12"]
[WhiteElo "2158"]
[BlackElo "1724"]
[Annotator "ChessBase"]
[PlyCount "75"]
[EventDate "2022.07.12"]
[EventType "team-tourn"]
[EventCountry "GRE"]
[SourceTitle "playchess.com"]
[Source "ChessBase"]
[SourceQuality "1"]
[WhiteTeam "Macedonia"]
[BlackTeam "Greece"]
[WhiteTeamCountry "MKD"]
[BlackTeamCountry "GRE"]
[TimeControl "40/5400+30:1800+30"]

1. e4 c6 2. d4 d5 3. e5 c5 4. dxc5 e6 5. a3 Bxc5 6. b4 Bb6 7. Qg4 Kf8 8. Nf3 Qc7 9. Bd3 Nc6 10. Bb2 Nge7 11. O-O Nf5 12. Nbd2 h5 13. Qf4 Nce7 14. c4 Qd8 15. Qg5 Bd7 16. Rfd1 Ba4 17. Re1 dxc4 18. Bxc4 Nc6 19. Qf4 Ncd4 20. Rac1 g6 21. Ne4 Kg7 22. Nd6 Nxf3+ 23. Qxf3 Bc6 24. Qf4 a6 25. Red1 Qe7 26. Rd3 h4 27. Rcd1 Rh5 28. Ne4 h3 29. g3 Nh6 30. Bc1 Rh8 31. Qf6+ Qxf6 32. exf6+ Kf8 33. Rd8+ Bxd8 34. Rxd8+ Be8 35. Nd6 Kg8 36. Rxe8+ Kh7 37. Rxh8+ Kxh8 38. Bxh6 1-0

[Event "EYTCC Open U18 2022"]
[Site "Thessaloniki"]
[Date "2022.07.16"]
[Round "5.36"]
[White "Karakotsios, Konstantinos"]
[Black "Zlatkov, Anton"]
[Result "0-1"]
[ECO "E91"]
[WhiteElo "1376"]
[BlackElo "2149"]
[Annotator "ChessBase"]
[PlyCount "54"]
[EventDate "2022.07.12"]
[EventType "team-tourn"]
[EventCountry "GRE"]
[SourceTitle "playchess.com"]
[Source "ChessBase"]
[SourceQuality "1"]
[WhiteTeam "Greece"]
[BlackTeam "Macedonia"]
[WhiteTeamCountry "GRE"]
[BlackTeamCountry "MKD"]
[TimeControl "40/5400+30:1800+30"]

1. d4 Nf6 2. c4 g6 3. Nc3 Bg7 4. e4 d6 5. Nf3 O-O 6. Be2 Nbd7 7. O-O e5 8. d5 Nc5 9. Qc2 a5 10. Be3 Nfd7 11. Nd2 f5 12. f3 Nf6 13. Nb3 b6 14. Nxc5 bxc5 15. a3 Bd7 16. b4 axb4 17. axb4 cxb4 18. Nb5 fxe4 19. fxe4 b3 20. Qxb3 Rxa1 21. Rxa1 Nxe4 22. Ra7 Qh4 23. Qd1 Bxb5 24. cxb5 Bh6 25. Bxh6 Qf2+ 26. Kh1 Qxa7 27. b6 Qxb6 0-1

[Event "EYTCC Open U18 2022"]
[Site "Thessaloniki"]
[Date "2022.07.16"]
[Round "5.37"]
[White "Betsakou, Sofia"]
[Black "Magalakis, Stefanos"]
[Result "0-1"]
[ECO "A46"]
[WhiteElo "1412"]
[BlackElo "2181"]
[Annotator "ChessBase"]
[PlyCount "100"]
[EventDate "2022.07.12"]
[EventType "team-tourn"]
[EventCountry "GRE"]
[SourceTitle "playchess.com"]
[Source "ChessBase"]
[SourceQuality "1"]
[WhiteTeam "Greece"]
[BlackTeam "Greece"]
[WhiteTeamCountry "GRE"]
[BlackTeamCountry "GRE"]
[TimeControl "40/5400+30:1800+30"]

1. d4 Nf6 2. Nf3 e6 3. Bg5 h6 4. Bh4 c5 5. e3 cxd4 6. exd4 b6 7. Bd3 Bb7 8. Nbd2 Be7 9. Bxf6 Bxf6 10. c3 a6 11. O-O O-O 12. Re1 d6 13. Nf1 Nd7 14. a4 Be7 15. N3d2 Re8 16. f3 Bf8 17. Be4 d5 18. Bc2 Bd6 19. Qe2 Nf6 20. g3 e5 21. Qg2 Qc7 22. dxe5 Bc5+ 23. Kh1 Rxe5 24. Nb3 Rae8 25. Rxe5 Qxe5 26. Bd3 d4 27. c4 Qh5 28. Nbd2 Bb4 29. Ne4 Nxe4 30. Bxe4 Bxe4 31. fxe4 Qg4 32. Nd2 Bxd2 33. Qxd2 Rxe4 34. Re1 d3 35. Kg1 Rxe1+ 36. Qxe1 Qxc4 37. Qd1 Qd4+ 38. Kf1 Qe3 39. Qe1 Qf3+ 40. Kg1 Kh7 41. Qd2 g6 42. Qf2 Qd1+ 43. Qf1 Qxf1+ 44. Kxf1 f5 45. Ke1 Kg7 46. Kd2 Kf6 47. Kxd3 Ke5 48. Ke3 g5 49. h4 gxh4 50. gxh4 h5 0-1

[Event "EYTCC Open U18 2022"]
[Site "Thessaloniki"]
[Date "2022.07.16"]
[Round "5.38"]
[White "Georgiadis, Athanasios Kat"]
[Black "Betsakos, Haralampos"]
[Result "1-0"]
[ECO "B12"]
[WhiteElo "1689"]
[BlackElo "1183"]
[Annotator "NA"]
[PlyCount "103"]
[EventDate "2022.07.12"]
[EventType "team-tourn"]
[EventCountry "GRE"]
[SourceTitle "playchess.com"]
[Source "ChessBase"]
[SourceQuality "1"]
[WhiteTeam "Greece"]
[BlackTeam "Greece"]
[WhiteTeamCountry "GRE"]
[BlackTeamCountry "GRE"]
[TimeControl "40/5400+30:1800+30"]

1. e4 c6 2. d4 d5 3. e5 Bf5 4. h4 h6 5. g4 Bh7 6. e6 fxe6 7. Bd3 Nf6 8. Bxh7 Rxh7 9. Qd3 Qd6 10. f4 Rh8 11. Nf3 Nbd7 12. Qg6+ Kd8 13. Ne5 Nxe5 14. fxe5 Qc7 15. Nd2 Nd7 16. Qxe6 Kc8 17. Nb3 b6 18. Bf4 Kb7 19. a4 Nb8 20. Qf5 e6 21. Qxe6 Be7 22. h5 Qd7 23. Qxd7+ Nxd7 24. O-O Rhf8 25. a5 c5 26. c3 cxd4 27. a6+ Kc8 28. cxd4 Kd8 29. Be3 Rc8 30. Nc1 Rxf1+ 31. Kxf1 Nf8 32. Ne2 Ne6 33. Nc3 Nc7 34. Ke2 Kd7 35. Kd3 Rf8 36. Ne2 Ne6 37. Ng3 Rf3 38. Nf5 Bg5 39. Ke2 Rh3 40. Bxg5 Nxg5 41. Nxg7 Rg3 42. Rf1 Rxg4 43. Rf6 Rxd4 44. e6+ Ke7 45. Rxh6 Re4+ 46. Kd3 Rf4 47. Rg6 Nh7 48. Ke3 Rf6 49. Kd4 Rxg6 50. hxg6 Nf6 51. Ke5 b5 52. Nf5+ 1-0

[Event "EYTCC Open U18 2022"]
[Site "Thessaloniki"]
[Date "2022.07.16"]
[Round "5.39"]
[White "Karkanas, Stylianos"]
[Black "Gerasopoulos, Nikolaos"]
[Result "0-1"]
[ECO "A03"]
[WhiteElo "1089"]
[BlackElo "1526"]
[Annotator "NA"]
[PlyCount "89"]
[EventDate "2022.07.12"]
[EventType "team-tourn"]
[EventCountry "GRE"]
[SourceTitle "playchess.com"]
[Source "ChessBase"]
[SourceQuality "1"]
[WhiteTeam "Greece"]
[BlackTeam "Greece"]
[WhiteTeamCountry "GRE"]
[BlackTeamCountry "GRE"]
[TimeControl "40/5400+30:1800+30"]

1. f4 d5 2. Nf3 c5 3. e3 Nf6 4. b3 Nc6 5. Bb2 g6 6. c3 Bg7 7. d4 O-O 8. Bd3 b6 9. O-O Bb7 10. Ne5 Nxe5 11. fxe5 Nd7 12. Nd2 e6 13. e4 Qg5 14. Nf3 Qe3+ 15. Rf2 dxe4 16. Bb5 exf3 17. Bxd7 Rad8 18. Bb5 fxg2 19. Bd3 cxd4 20. cxd4 f6 21. Bc4 fxe5 22. Bxe6+ Kh8 23. Qe2 exd4 24. Qxe3 dxe3 25. Bxg7+ Kxg7 26. Re2 Rf3 27. Bg4 Rf1+ 28. Rxf1 gxf1=Q+ 29. Kxf1 Ba6 30. Ke1 Bxe2 31. Kxe2 Rd2+ 32. Kxe3 Rxa2 33. h3 Kf6 34. Kd4 Kg5 35. Kc4 Kh4 36. b4 g5 37. Kb3 Rf2 38. Ka4 a5 39. bxa5 bxa5 40. Kxa5 h5 41. Be6 g4 42. hxg4 hxg4 43. Kb4 g3 44. Bd5 g2 45. Bxg2 0-1

[Event "EYTCC Open U18 2022"]
[Site "Thessaloniki"]
[Date "2022.07.16"]
[Round "5.40"]
[White "Skodras, Marios Konstantinos"]
[Black "Maki, Eftychia Maria"]
[Result "1-0"]
[ECO "C71"]
[WhiteElo "1446"]
[BlackElo "1157"]
[Annotator "NA"]
[PlyCount "67"]
[EventDate "2022.07.12"]
[EventType "team-tourn"]
[EventCountry "GRE"]
[SourceTitle "playchess.com"]
[Source "ChessBase"]
[SourceQuality "1"]
[WhiteTeam "Greece"]
[BlackTeam "Greece"]
[WhiteTeamCountry "GRE"]
[BlackTeamCountry "GRE"]
[TimeControl "40/5400+30:1800+30"]

1. e4 e5 2. Nf3 Nc6 3. Bb5 a6 4. Ba4 d6 5. h3 Bd7 6. O-O Nf6 7. Re1 Be7 8. c3 O-O 9. d4 exd4 10. cxd4 d5 11. e5 Ne4 12. Bc2 Ng5 13. Nxg5 Bxg5 14. f4 Be7 15. Nc3 Bh4 16. Re3 Nb4 17. Bb1 Bc8 18. f5 Bg5 19. Rg3 Bxc1 20. f6 g6 21. Qxc1 Kh8 22. Qh6 Rg8 23. Rg5 Qf8 24. Qh4 h6 25. a3 Nc6 26. Nxd5 Kh7 27. Nxc7 Rb8 28. Rh5 Rh8 29. Kh2 Kg8 30. d5 Nxe5 31. Rxe5 Qd6 32. Qg3 Kh7 33. Bxg6+ fxg6 34. Re7+ 1-0

[Event "EYTCC Open U18 2022"]
[Site "Thessaloniki"]
[Date "2022.07.17"]
[Round "6.1"]
[White "Baum, Jonasz"]
[Black "Fromm, Marius"]
[Result "1-0"]
[ECO "E06"]
[WhiteElo "2410"]
[BlackElo "2391"]
[Annotator "ChessBase"]
[PlyCount "43"]
[EventDate "2022.07.12"]
[EventType "team-tourn"]
[EventCountry "GRE"]
[SourceTitle "playchess.com"]
[Source "ChessBase"]
[SourceQuality "1"]
[WhiteTeam "Poland"]
[BlackTeam "Germany"]
[WhiteTeamCountry "POL"]
[BlackTeamCountry "GER"]
[TimeControl "40/5400+30:1800+30"]

1. d4 Nf6 2. c4 e6 3. Nf3 d5 4. g3 Be7 5. Bg2 O-O 6. Nc3 dxc4 7. Ne5 c5 8. dxc5 Qxd1+ 9. Nxd1 Bxc5 10. O-O Nc6 11. Bxc6 bxc6 12. Be3 Bxe3 13. Nxe3 c3 14. b3 Nd5 15. Rfc1 Nxe3 16. fxe3 Ba6 17. Rxc3 Bxe2 18. Kf2 Ba6 19. Rxc6 Bb7 20. Rc7 Be4 21. Rac1 g5 22. Nd7 1-0

[Event "EYTCC Open U18 2022"]
[Site "Thessaloniki"]
[Date "2022.07.17"]
[Round "6.2"]
[White "Deuer, Marius"]
[Black "Czopor, Maciej"]
[Result "0-1"]
[ECO "D35"]
[WhiteElo "2338"]
[BlackElo "2415"]
[Annotator "ChessBase"]
[PlyCount "96"]
[EventDate "2022.07.12"]
[EventType "team-tourn"]
[EventCountry "GRE"]
[SourceTitle "playchess.com"]
[Source "ChessBase"]
[SourceQuality "1"]
[WhiteTeam "Germany"]
[BlackTeam "Poland"]
[WhiteTeamCountry "GER"]
[BlackTeamCountry "POL"]
[TimeControl "40/5400+30:1800+30"]

1. d4 Nf6 2. c4 e6 3. Nc3 d5 4. cxd5 exd5 5. Bg5 c6 6. e3 Bd6 7. Bd3 O-O 8. Qc2 h6 9. Bh4 Re8 10. Nge2 a5 11. h3 Na6 12. a3 Nc7 13. O-O Ne6 14. Rae1 Bd7 15. f3 Ng5 16. Bxg5 hxg5 17. e4 c5 18. Nb5 Bf8 19. dxc5 Rc8 20. b4 b6 21. Qb3 bxc5 22. bxc5 a4 23. Qxa4 dxe4 24. fxe4 Bxc5+ 25. Kh1 Bxh3 26. Ned4 Bd7 27. e5 Nh5 28. Qb3 Ng3+ 29. Kh2 Nxf1+ 30. Rxf1 Bxb5 31. Nxb5 Re6 32. Bf5 Rh6+ 33. Kg3 Qe7 34. Qd5 Rd8 35. Qe4 Bxa3 36. Nd4 Qb4 37. Rd1 Qc3+ 38. Rd3 Qc1 39. Rf3 Bb4 40. Nc2 Bd2 41. Rf2 Bf4+ 42. Kf3 Qd1+ 43. Re2 Rb6 44. Qc4 Qf1+ 45. Ke4 Rc6 46. Qb5 Rxc2 47. Rd2 Qe1+ 48. Kf3 Qg3+ 0-1

[Event "EYTCC Open U18 2022"]
[Site "Thessaloniki"]
[Date "2022.07.17"]
[Round "6.3"]
[White "Klimkowski, Jan"]
[Black "Colbow, Collin"]
[Result "1-0"]
[ECO "E10"]
[WhiteElo "2398"]
[BlackElo "2325"]
[Annotator "ChessBase"]
[PlyCount "67"]
[EventDate "2022.07.12"]
[EventType "team-tourn"]
[EventCountry "GRE"]
[SourceTitle "playchess.com"]
[Source "ChessBase"]
[SourceQuality "1"]
[WhiteTeam "Poland"]
[BlackTeam "Germany"]
[WhiteTeamCountry "POL"]
[BlackTeamCountry "GER"]
[TimeControl "40/5400+30:1800+30"]

1. d4 Nf6 2. c4 e6 3. Nf3 d5 4. g3 Bb4+ 5. Bd2 Be7 6. Bg2 O-O 7. O-O b6 8. Nc3 Bb7 9. cxd5 Nxd5 10. Qc2 Nd7 11. Nxd5 Bxd5 12. e4 Bb7 13. Rad1 c5 14. d5 e5 15. Bc3 Bd6 16. b3 b5 17. Bh3 Re8 18. Nh4 g6 19. f4 exf4 20. Bxd7 Qxd7 21. gxf4 Qg4+ 22. Ng2 h5 23. Ba1 Kh7 24. Qc3 Rg8 25. Qf6 Qd7 26. e5 Bf8 27. e6 Qe7 28. Qxe7 Bxe7 29. d6 Bxg2 30. Kxg2 Bh4 31. Kh3 g5 32. fxg5 Bxg5 33. Rxf7+ Kg6 34. Rdf1 1-0

[Event "EYTCC Open U18 2022"]
[Site "Thessaloniki"]
[Date "2022.07.17"]
[Round "6.4"]
[White "Cherniaiev, Tykhon"]
[Black "Seemann, Jakub"]
[Result "1/2-1/2"]
[ECO "D38"]
[WhiteElo "2186"]
[BlackElo "2382"]
[Annotator "ChessBase"]
[PlyCount "62"]
[EventDate "2022.07.12"]
[EventType "team-tourn"]
[EventCountry "GRE"]
[SourceTitle "playchess.com"]
[Source "ChessBase"]
[SourceQuality "1"]
[WhiteTeam "Germany"]
[BlackTeam "Poland"]
[WhiteTeamCountry "GER"]
[BlackTeamCountry "POL"]
[TimeControl "40/5400+30:1800+30"]

1. d4 Nf6 2. Nf3 d5 3. c4 e6 4. Nc3 Bb4 5. Bg5 h6 6. Bxf6 Qxf6 7. e3 O-O 8. a3 Bxc3+ 9. bxc3 c5 10. Bd3 dxc4 11. Bxc4 Nc6 12. O-O b6 13. dxc5 Qxc3 14. Qd3 Qa5 15. cxb6 axb6 16. Rab1 Bb7 17. Qb3 Ne5 18. Nxe5 Qxe5 19. Rfd1 Rfc8 20. Bf1 Bd5 21. Qxb6 Rxa3 22. Qd4 Qxd4 23. Rxd4 f5 24. g3 Ra2 25. Bg2 Bxg2 26. Kxg2 Rcc2 27. Rf1 Kf7 28. h4 Kf6 29. Rb4 g5 30. hxg5+ hxg5 31. Rb5 g4 1/2-1/2

[Event "EYTCC Open U18 2022"]
[Site "Thessaloniki"]
[Date "2022.07.17"]
[Round "6.5"]
[White "Milikow, Yoav"]
[Black "Levin, Guy"]
[Result "1/2-1/2"]
[ECO "D26"]
[WhiteElo "2452"]
[BlackElo "2363"]
[Annotator "ChessBase"]
[PlyCount "59"]
[EventDate "2022.07.12"]
[EventType "team-tourn"]
[EventCountry "GRE"]
[SourceTitle "playchess.com"]
[Source "ChessBase"]
[SourceQuality "1"]
[WhiteTeam "Israel"]
[BlackTeam "Israel"]
[WhiteTeamCountry "ISR"]
[BlackTeamCountry "ISR"]
[TimeControl "40/5400+30:1800+30"]

1. d4 d5 2. c4 dxc4 3. Nf3 Nf6 4. e3 e6 5. Bxc4 a6 6. O-O b5 7. Bd3 Bb7 8. a4 b4 9. Qe2 Nbd7 10. Nbd2 c5 11. Nc4 Be7 12. a5 O-O 13. Bd2 Qc7 14. Rfc1 Rad8 15. Nfe5 g6 16. Be1 Qb8 17. Nxd7 Nxd7 18. dxc5 Nxc5 19. Bxb4 Bf3 20. gxf3 Qxb4 21. Bc2 Rd5 22. Rd1 Rfd8 23. b3 Qc3 24. Rab1 Rxd1+ 25. Rxd1 Nxb3 26. Rxd8+ Bxd8 27. Qd1 Qxc4 28. Qxd8+ Kg7 29. Bxb3 Qxb3 30. Qd4+ 1/2-1/2

[Event "EYTCC Open U18 2022"]
[Site "Thessaloniki"]
[Date "2022.07.17"]
[Round "6.6"]
[White "Yaniv, Yuval"]
[Black "Rozen, Eytan"]
[Result "1/2-1/2"]
[ECO "B12"]
[WhiteElo "2305"]
[BlackElo "2465"]
[Annotator "ChessBase"]
[PlyCount "117"]
[EventDate "2022.07.12"]
[EventType "team-tourn"]
[EventCountry "GRE"]
[SourceTitle "playchess.com"]
[Source "ChessBase"]
[SourceQuality "1"]
[WhiteTeam "Israel"]
[BlackTeam "Israel"]
[WhiteTeamCountry "ISR"]
[BlackTeamCountry "ISR"]
[TimeControl "40/5400+30:1800+30"]

1. e4 c6 2. d4 d5 3. e5 Bf5 4. h4 h5 5. c4 e6 6. Nc3 Bb4 7. Nge2 dxc4 8. Ng3 Ne7 9. Bxc4 c5 10. Nxf5 Nxf5 11. d5 exd5 12. Qxd5 O-O 13. Bg5 Qxd5 14. Bxd5 Nc6 15. O-O Rfe8 16. Bxc6 bxc6 17. Rfe1 Re6 18. Rad1 Rae8 19. Kf1 Ba5 20. Rd7 Bb6 21. Na4 f6 22. Bd2 fxe5 23. Bg5 e4 24. Rb7 Nd6 25. Rd7 c4 26. Rd1 Nf5 27. Nxb6 axb6 28. Rb7 b5 29. Rdd7 Rg6 30. Ke2 Ra8 31. Ra7 Rb8 32. Bf4 Re8 33. Bg5 Rb8 34. Bf4 Re8 35. Bg5 Rge6 36. Rf7 Re5 37. Rfc7 Rd5 38. Bd2 Rd3 39. Rf7 Nd4+ 40. Ke1 Ne6 41. Bc3 Red8 42. Bxg7 b4 43. Bh6 c3 44. bxc3 bxc3 45. Rf6 R3d6 46. Rg6+ Kh8 47. Be3 Rd1+ 48. Ke2 R8d2+ 49. Bxd2 Rxd2+ 50. Ke3 Rd3+ 51. Kxe4 Nc5+ 52. Kf5 Rd5+ 53. Kf6 Ne4+ 54. Kf7 Rf5+ 55. Ke6 Rxf2 56. Rh6+ Kg8 57. Rg6+ Kh8 58. Rh6+ Kg8 59. Rg6+ 1/2-1/2

[Event "EYTCC Open U18 2022"]
[Site "Thessaloniki"]
[Date "2022.07.17"]
[Round "6.7"]
[White "Ben Ari, Yannay"]
[Black "Zemach, Nadav"]
[Result "1/2-1/2"]
[ECO "D31"]
[WhiteElo "2411"]
[BlackElo "2225"]
[Annotator "ChessBase"]
[PlyCount "152"]
[EventDate "2022.07.12"]
[EventType "team-tourn"]
[EventCountry "GRE"]
[SourceTitle "playchess.com"]
[Source "ChessBase"]
[SourceQuality "1"]
[WhiteTeam "Israel"]
[BlackTeam "Israel"]
[WhiteTeamCountry "ISR"]
[BlackTeamCountry "ISR"]
[TimeControl "40/5400+30:1800+30"]

1. d4 d5 2. c4 e6 3. Nc3 a6 4. cxd5 exd5 5. Qb3 c5 6. Nxd5 Nc6 7. Bg5 f6 8. Be3 cxd4 9. Bd2 Be6 10. Nc7+ Qxc7 11. Qxe6+ Qe7 12. Qb3 Qf7 13. Qd1 f5 14. Nf3 Nf6 15. g3 Ne4 16. Bg2 Be7 17. O-O O-O 18. Ne1 Bf6 19. Nd3 Rac8 20. Be1 Rfd8 21. a3 g6 22. Rc1 Kg7 23. Rc2 Ne7 24. Ba5 Rxc2 25. Qxc2 Rc8 26. Qb1 b6 27. Bb4 a5 28. Bxe7 Qxe7 29. Rd1 Qc7 30. Rc1 Qd7 31. Rxc8 Qxc8 32. Nf4 Qc6 33. h4 b5 34. Bf3 b4 35. axb4 axb4 36. Kg2 Be5 37. Nd3 Bd6 38. Qa2 Qb6 39. Qd5 Nf6 40. Qe6 Qc7 41. h5 Qd8 42. Qc4 Qb6 43. b3 Nd7 44. Qc1 h6 45. hxg6 Kxg6 46. Qc8 Nf6 47. Qe6 Qd8 48. Qc4 Qb6 49. Qc8 h5 50. Kh3 Qa7 51. Qe6 Qd7 52. Bxh5+ Kg7 53. Qxd7+ Nxd7 54. Kg2 Nc5 55. Nxb4 Nxb3 56. Nc6 Bc5 57. Bf3 Kf6 58. Bd5 Nd2 59. f4 Nb1 60. Ne5 Bd6 61. Nf3 Nc3 62. Bc4 Nd1 63. Bd3 Ne3+ 64. Kh3 Bc5 65. Ba6 Bb6 66. Bc8 Bc5 67. Ne5 Bd6 68. Nf3 Bc5 69. Kh4 Ng2+ 70. Kh5 Ne3 71. Ne5 Bd6 72. Nd7+ Kg7 73. Ne5 Be7 74. Nf3 Nf1 75. Bxf5 Nxg3+ 76. Kg4 Nxe2 1/2-1/2